[Event "Team 45 45 League T60"]
[Site "Internet Chess Club"]
[Date "2014.03.12"]
[Round "3"]
[White "CaptK"]
[Black "julesraider"]
[Result "1/2-1/2"]
[WhiteElo "1502"]
[BlackElo "1566"]
[Opening "King's Indian, 3.Nf3"]
[ECO "E90"]
[Time "22:02:22"]
[TimeControl "2700+45"]

1. d4 Nf6 2. Nf3 g6 3. c4 Bg7 4. Nc3 O-O 5. e4 d6 6. Bf4 Nbd7 7. Be2 c6 8. O-O
e5 9. Bg3 Nh5 10. Bh4 Qe8 11. dxe5 dxe5 12. Qd6 f5 13. Qe7 Nf4 14. Qxe8 Rxe8 15.
exf5 gxf5 16. Bg5 h6 17. Bxf4 exf4 18. Bd3 Nc5 19. Bc2 Be6 20. Rfe1 Bxc4 21.
Bxf5 Nd3 22. Bxd3 Bxd3 23. Rad1 Bf5 24. h3 Rad8 25. Rxd8 Rxd8 26. Re7 Bc8 27.
Re4 Rf8 28. Ra4 a6 29. Kf1 b5 30. Re4 c5 31. Ke2 Bb7 32. Re7 Rf7 33. Rxf7 Kxf7
34. g3 fxg3 35. fxg3 Ke6 36. Ke3 Bc6 37. a3 a5 38. h4 b4 39. axb4 axb4 40. Ne4
Bxe4 41. Kxe4 Bxb2 42. g4 Bc1 43. g5 hxg5 44. Nxg5+ Kf6 45. Kd3 b3 46. Kc3 b2
47. Kc2 Kf5 48. Kb1 c4 49. Kc2 Kg4 50. Ne4 Kxh4 51. Nd6 c3 52. Nb5 Bd2 53. Na3
Kg3 54. Nc4 Kf2 55. Nxb2 Ke2 56. Na4 Ke3 57. Nxc3 {Game drawn because neither
player has mating material} 1/2-1/2

[Event "Team 45 45 League T60"]
[Site "Internet Chess Club"]
[Date "2014.03.17"]
[Round "3"]
[White "rayngrant"]
[Black "sdcohle"]
[Result "0-1"]
[WhiteElo "1551"]
[BlackElo "1433"]
[Opening "King's pawn opening"]
[ECO "B07"]
[Time "21:30:30"]
[TimeControl "2700+45"]

1. e4 d6 2. d4 c6 3. Nf3 Bg4 4. Be2 Qc7 5. O-O e5 6. dxe5 dxe5 7. Nc3 Nf6 8. Bg5
Be7 9. Nh4 Bxe2 10. Qxe2 O-O 11. Nf5 Re8 12. Nxe7+ Rxe7 13. Rad1 Nbd7 14. b4 Re6
15. Na4 b5 16. Nb2 Rd8 17. c4 a6 18. Rd2 h6 19. Bxf6 Nxf6 20. Rxd8+ Qxd8 21. Rd1
Rd6 22. Rxd6 Qxd6 23. c5 Qd4 24. a3 Nxe4 25. g3 Nf6 26. Nd3 e4 27. Nf4 Qa1+ 28.
Kg2 Qxa3 29. Qd2 Qf3+ 30. Kg1 e3 31. Qxe3 Qxe3 32. fxe3 g5 33. Nd3 Nd5 34. Ne5
Nxb4 {White resigns} 0-1

[Event "Team 45 45 League T60"]
[Site "Internet Chess Club"]
[Date "2014.03.13"]
[Round "3"]
[White "clarinetref"]
[Black "wildcat2023"]
[Result "0-1"]
[WhiteElo "1590"]
[BlackElo "1497"]
[Opening "Sicilian defense"]
[ECO "B30"]
[Time "16:36:28"]
[TimeControl "2700+45"]

1. e4 c5 2. Nf3 Nc6 3. c3 e5 4. d4 cxd4 5. cxd4 exd4 6. Nxd4 Bb4+ 7. Nc3 Qa5 8.
Nf5 Bxc3+ 9. bxc3 Qxc3+ 10. Bd2 Qe5 11. Bd3 d5 12. O-O dxe4 13. Ng3 f5 14. Re1
Be6 15. Bg5 h6 16. Qh5+ Bf7 17. f4 Qd4+ 18. Kh1 Bxh5 19. Bxe4 Nge7 20. Bxe7 fxe4
21. Bh4 O-O 22. Nxh5 e3 23. Rad1 Qa4 24. Ra1 Nb4 25. Re2 Qb5 26. Rb2 Qxh5 27.
Be7 Rxf4 28. Bxb4 e2 29. Kg1 Rxb4 {White resigns} 0-1

[Event "Team 45 45 League T60"]
[Site "Internet Chess Club"]
[Date "2014.03.17"]
[Round "3"]
[White "PostMike"]
[Black "kls1"]
[Result "0-1"]
[WhiteElo "1436"]
[BlackElo "1269"]
[Opening "Sicilian: Labourdonnais-Löwenthal variation"]
[ECO "B32"]
[Time "14:30:27"]
[TimeControl "2700+45"]

1. e4 c5 2. Nf3 Nc6 3. d4 cxd4 4. Nxd4 e5 5. Nb5 a6 6. Nd6+ Bxd6 7. Qxd6 Qf6 8.
Qd1 Qg6 9. Nc3 Nge7 10. h4 h5 11. Bg5 b5 12. a3 f6 13. Be3 f5 14. Nd5 Nxd5 15.
exd5 Ne7 16. Bg5 f4 17. Bxe7 Kxe7 18. Qf3 d6 19. Bd3 Bf5 20. Bxf5 Qxf5 21. Qb3
Qe4+ 22. Kd2 Qxg2 23. Raf1 Qe4 24. Rhg1 Kf6 25. Qd3 Qxd3+ 26. Kxd3 Rhg8 27. Rg5
Rac8 28. c3 g6 29. Rfg1 Rg7 30. f3 Rb8 31. R1g2 a5 32. Rc2 b4 33. a4 bxc3 34.
bxc3 Rb3 35. Kc4 Rb1 36. Rgg2 Rc7+ 37. Kd3 Rb3 38. Rgf2 Ra3 {White resigns} 0-1

[Event "Team 45 45 League T60"]
[Site "Internet Chess Club"]
[Date "2014.03.13"]
[Round "3"]
[White "princevultan2"]
[Black "Aquaman"]
[Result "0-1"]
[WhiteElo "1116"]
[BlackElo "1372"]
[Opening "King's pawn opening"]
[ECO "B07"]
[Time "20:00:30"]
[TimeControl "2700+45"]

1. e4 d6 2. d4 c6 3. Bc4 Nf6 4. Nc3 Qc7 5. Nf3 b5 6. Bb3 b4 7. Ne2 Nxe4 8. Qd3
Nf6 9. Qc4 Nd5 10. a3 Ba6 11. Qxd5 cxd5 12. Bxd5 Bb7 13. Bb3 Bxf3 14. gxf3 g6
15. Nf4 e6 16. d5 e5 17. Nd3 Na6 18. axb4 Qb6 19. f4 Bg7 20. Be3 Qb7 21. Bc4
Nxb4 22. Nxb4 Qxb4+ 23. c3 Qxc4 24. fxe5 Bxe5 25. Ra6 Qxa6 26. Bd4 Bxd4 27. cxd4
Qa1+ 28. Ke2 Qxh1 29. Ke3 O-O 30. Kd3 Qf3+ 31. Kc2 Rac8+ 32. Kb1 Qd1+ 33. Ka2
Qxd4 34. f4 Rb8 35. b3 Qd2+ 36. Ka3 Qc3 37. Ka4 Qb4# {White checkmated} 0-1

[Event "Team 45 45 League T60"]
[Site "Internet Chess Club"]
[Date "2014.03.13"]
[Round "3"]
[White "tamky70"]
[Black "KingOfClubs"]
[Result "1-0"]
[WhiteElo "1351"]
[BlackElo "1411"]
[Opening "QGD: semi-Slav"]
[ECO "D10"]
[Time "19:00:41"]
[TimeControl "2700+45"]

1. d4 d5 2. c4 c6 3. Nc3 e6 4. cxd5 exd5 5. Nf3 Nf6 6. e3 Bg4 7. Be2 Nbd7 8. O-O
Bd6 9. h3 Be6 10. Qb3 Qb6 11. Na4 Qxb3 12. axb3 b5 13. Nc3 b4 14. Na4 O-O 15.
Bd3 h6 16. Bd2 Nb6 17. Ne5 Bxe5 18. dxe5 Ne4 19. Bxe4 dxe4 20. Bxb4 Rfc8 21. Nc5
Bd5 22. Bc3 Re8 23. Rfc1 Re7 24. Ra3 Nc8 25. Bd4 a5 26. b4 Rb8 27. bxa5 Ra8 28.
Rca1 Na7 29. a6 Nb5 30. Ra5 Nxd4 31. exd4 f6 32. exf6 gxf6 33. Nb7 Ra7 34. Nd6
Rec7 35. Nf5 Kh7 36. b4 Rd7 37. b5 cxb5 38. Rxb5 Bc4 39. Rb6 Kg6 40. Nd6 Bd3 41.
Ra5 Ra8 42. Kh2 Rda7 43. Kg3 Rxa6 44. Rbxa6 Rxa6 45. Rxa6 Bxa6 46. Nxe4 f5 47.
Nd6 Bd3 48. Kf4 Kf6 49. g4 fxg4 50. hxg4 Bb1 51. f3 Bc2 52. Ne4+ Ke6 53. Nc3 Kd6
54. Ne2 Kd5 55. Ke3 Bh7 56. f4 Ke6 57. Ng3 Kf6 58. d5 Bg8 59. Kd4 Kg6 60. Ke5
Kf7 61. d6 Ke8 62. Nf5 {Black resigns} 1-0

[Event "Team 45 45 League T60"]
[Site "Internet Chess Club"]
[Date "2014.03.16"]
[Round "3"]
[White "arconia"]
[Black "Tribe97"]
[Result "1-0"]
[WhiteElo "1288"]
[BlackElo "1361"]
[Opening "Sicilian defense"]
[ECO "B40"]
[Time "17:03:05"]
[TimeControl "2700+45"]

1. e4 c5 2. Nf3 e6 3. Be2 a6 4. O-O Nc6 5. c3 d5 6. e5 Qc7 7. d4 b5 8. Ng5 cxd4
9. cxd4 h6 10. Nh3 Nge7 11. f4 Nf5 12. Nd2 Nfxd4 13. Bg4 Bc5 14. Kh1 Nb4 15. Nf3
Nbc2 16. Rb1 Nxf3 17. Qxf3 Nd4 18. Qg3 Bb7 19. f5 O-O 20. f6 g5 21. Bh5 Nf5 22.
Rxf5 exf5 23. Bxg5 Kh7 24. Bxh6 Rg8 25. Bg7 Bf8 26. Ng5# {Black checkmated} 1-0

[Event "Team 45 45 League T60"]
[Site "Internet Chess Club"]
[Date "2014.03.17"]
[Round "3"]
[White "alexping"]
[Black "LittleButton"]
[Result "0-1"]
[WhiteElo "1825"]
[BlackElo "1940"]
[Opening "QGD: Janowski variation"]
[ECO "D31"]
[Time "12:08:16"]
[TimeControl "2700+45"]

1. d4 d5 2. c4 e6 3. Nc3 a6 4. a4 Nf6 5. e3 Bb4 6. Bd2 O-O 7. Nf3 c6 8. Bd3 Nbd7
9. O-O dxc4 10. Bxc4 c5 11. Qc2 cxd4 12. Nxd4 e5 13. Nde2 Nc5 14. Ne4 Bxd2 15.
Nxd2 Qe7 16. b4 Ncd7 17. b5 a5 18. Ng3 g6 19. Nde4 b6 20. Rfd1 Bb7 21. Nd6 Nc5
22. Rd2 Ne8 23. Rad1 Nxd6 24. Rxd6 Qc7 25. Qc3 Nxa4 26. Qxe5 Qxc4 27. Nh5 Qc3
28. Nf6+ Kh8 29. R6d4 Qc5 30. Qf4 Qf5 31. Qh4 g5 32. Qh6 Nc3 33. R1d3 Ne2+
{White resigns} 0-1

[Event "Team 45 45 League T60"]
[Site "Internet Chess Club"]
[Date "2014.03.15"]
[Round "3"]
[White "badmove"]
[Black "bobhill"]
[Result "0-1"]
[WhiteElo "1567"]
[BlackElo "1918"]
[Opening "Sicilian: closed"]
[ECO "B24"]
[Time "17:00:19"]
[TimeControl "2700+45"]

1. e4 c5 2. Nc3 Nc6 3. g3 g6 4. Bg2 Bg7 5. d3 Nf6 6. Be3 d6 7. h3 Bd7 8. f4 O-O
9. Nf3 a6 10. O-O h5 11. Ng5 Ne8 12. f5 Nd4 13. fxg6 fxg6 14. Rxf8+ Kxf8 15. e5
Bxe5 16. Bxb7 Rb8 17. Bd5 Nf6 18. Qf1 Nxc2 19. Nf7 Qb6 20. Bh6+ Ke8 21. Ne4 Nxd5
22. Nfxd6+ Kd8 23. Nf7+ Kc8 24. Nxe5 Qxb2 25. Rc1 Qd4+ 26. Kh2 Rb2 27. Qf8+ Kc7
28. Nc4 Rxa2 29. Rb1 Ncb4+ 30. Kh1 Bxh3 31. Ncd2 Bf5 32. Bg7 Qxd3 33. Be5+ Kc6
34. Qa8+ Kb5 35. Qb7+ Ka5 36. Nb3+ Qxb3 37. Rxb3 Bxe4+ 38. Kg1 Rg2+ 39. Kf1 Ne3+
{White resigns} 0-1

[Event "Team 45 45 League T60"]
[Site "Internet Chess Club"]
[Date "2014.03.17"]
[Round "3"]
[White "Beetlejuice"]
[Black "pokerram"]
[Result "1-0"]
[WhiteElo "1837"]
[BlackElo "1627"]
[Opening "Neo-Grünfeld, 6.cd Nxd5, 7.O-O"]
[ECO "D74"]
[Time "16:02:07"]
[TimeControl "2700+45"]

1. d4 Nf6 2. c4 g6 3. g3 Bg7 4. Bg2 d5 5. cxd5 Nxd5 6. Nf3 O-O 7. O-O Nc6 8. e3
Bg4 9. h3 Bxf3 10. Bxf3 e6 11. Nc3 a6 12. Nxd5 exd5 13. Qb3 Na5 14. Qxd5 Qxd5
15. Bxd5 c6 16. Bf3 Nc4 17. b3 Nb6 18. Ba3 Rfe8 19. Rac1 Bf8 20. Bxf8 Kxf8 21.
Rc2 Nd7 22. Rfc1 Rab8 23. Kf1 Nf6 24. b4 h5 25. a4 Ne4 26. Rd1 Rbd8 27. Ke2 Ng5
28. Bg2 Ne6 29. Rcd2 f5 30. d5 cxd5 31. Rxd5 Rc8 32. Rd7 b5 33. axb5 axb5 34.
Rb7 Rb8 35. Rdd7 Rxb7 36. Rxb7 f4 37. Bd5 fxg3 38. fxg3 Re7 39. Rxe7 Kxe7 40.
Bxe6 Kxe6 41. Kd3 Ke5 42. e4 g5 43. Ke3 h4 44. g4 {Black resigns} 1-0

[Event "Team 45 45 League T60"]
[Site "Internet Chess Club"]
[Date "2014.03.18"]
[Round "3"]
[White "Schachteufel"]
[Black "rubo"]
[Result "0-1"]
[WhiteElo "1623"]
[BlackElo "1661"]
[Opening "Caro-Kann: advance variation"]
[ECO "B12"]
[Time "14:06:51"]
[TimeControl "2700+45"]

1. e4 c6 2. d4 d5 3. e5 Bf5 4. h4 h6 5. g4 Be4 6. f3 Bh7 7. Bd3 Bxd3 8. Qxd3 e6
9. Be3 Nd7 10. Nd2 c5 11. Nh3 Ne7 12. f4 Nc6 13. g5 hxg5 14. dxc5 Rxh4 15. O-O-O
Bxc5 16. Nxg5 Rxh1 17. Rxh1 Ke7 18. Bxc5+ Nxc5 19. Qa3 Qb6 20. Nb3 Nb4 21. Rd1
Nxb3+ 22. axb3 Qc5 23. c3 Rc8 24. Kb1 Na6 25. Qa4 Qc6 26. Qd4 Qc5 27. Qd3 Rh8
28. Qf3 Rh2 29. Rf1 g6 30. Qg3 Rh5 31. Qd3 Rh2 32. Nf3 Rh3 33. Qd1 Qe3 34. Ka2
Nc5 35. Nd4 Qd3 36. Qc1 Rh2 37. Rd1 Qa6+ 38. Kb1 Qb6 39. b4 Ne4 40. Qe3 Qa6 41.
Nf3 Qe2 42. Qxe2 Rxe2 43. Rh1 Nd2+ 44. Nxd2 Rxd2 45. Rh8 Rf2 46. Rb8 Rxf4 47.
Rxb7+ Kd8 48. Rxa7 g5 49. b5 Kc8 50. Ra8+ Kb7 51. Rg8 g4 52. Rg7 Kb6 53. c4 dxc4
54. Kc2 Kxb5 {White resigns} 0-1

[Event "Team 45 45 League T60"]
[Site "Internet Chess Club"]
[Date "2014.03.16"]
[Round "3"]
[White "Grebochess"]
[Black "Otelo"]
[Result "0-1"]
[WhiteElo "1646"]
[BlackElo "1869"]
[Opening "King's Indian: London system"]
[ECO "A48"]
[Time "08:03:35"]
[TimeControl "2700+45"]

1. d4 Nf6 2. Nf3 g6 3. Bf4 Bg7 4. e3 d6 5. Be2 O-O 6. O-O Nbd7 7. h3 b6 8. c3
Bb7 9. Nbd2 c5 10. Re1 Rc8 11. Bd3 Nh5 12. Bh2 f5 13. Ng5 Qe8 14. Bc4+ d5 15.
Be2 Nhf6 16. Ne6 Rf7 17. Nf3 h6 18. Ne5 Nxe5 19. Bxe5 Bh8 20. g4 fxg4 21. hxg4
Qd7 22. Nf4 g5 23. Ng6 Bg7 24. f4 gxf4 25. exf4 Ne4 26. Bxg7 Rxg7 27. f5 c4 28.
Kg2 Qd6 29. Ne5 Rf8 30. Rf1 Bc8 31. Kh3 Bxf5 32. gxf5 Rg3+ 33. Kh2 Qf6 34. Rf4
Qg5 35. Rg4 Rxg4 36. Nxg4 Qf4+ 37. Kh1 Rxf5 38. Qe1 Rh5+ 39. Kg2 Rg5 40. Qh4 h5
41. Bf3 Nf6 42. Rf1 Kg7 43. Be2 Qd2 44. Kg1 Nxg4 45. Kh1 Kh6 46. Bxg4 Rxg4 47.
Qf2 Qxf2 48. Rxf2 Kg5 49. Rf7 Re4 50. Rf2 h4 51. b3 Re3 52. bxc4 dxc4 53. Rc2
Kf4 54. Kg2 Ke4 55. Kf2 Kd3 56. Rc1 h3 57. Rd1+ Kc2 58. Rh1 Rxc3 59. Ke2 Kb2 60.
Kd2 h2 61. a4 Kb3 62. Rb1+ Ka2 63. Rh1 Kb2 64. Re1 a6 65. d5 {White resigns} 0-1

[Event "Team 45 45 League T60"]
[Site "Internet Chess Club"]
[Date "2014.03.11"]
[Round "3"]
[White "justice02"]
[Black "Constrictor"]
[Result "1/2-1/2"]
[WhiteElo "1800"]
[BlackElo "1628"]
[Opening "Dutch defense"]
[ECO "A84"]
[Time "20:31:53"]
[TimeControl "2700+45"]

1. c4 f5 2. d4 Nf6 3. h3 e6 4. Nc3 Bb4 5. Bg5 O-O 6. Nf3 d6 7. Qc2 Nc6 8. e3 Qe8
9. a3 Bxc3+ 10. bxc3 Ne4 11. Bf4 Bd7 12. Bd3 Ne7 13. Bxe4 Ba4 14. Qb1 fxe4 15.
Qxe4 Ng6 16. Ng5 h6 17. Qxe6+ Kh8 18. h4 Nxf4 19. exf4 Qxe6+ 20. Nxe6 Rae8 21.
d5 Rxf4 22. Kd2 Rxf2+ 23. Ke3 Rxg2 24. Kf3 Rc2 25. Rhc1 Rxc1 26. Rxc1 Bb3 27.
Nxc7 Re7 28. Nb5 Bxc4 29. Nxd6 Bxd5+ 30. Kf4 Re6 31. Rd1 Rxd6 32. Ke5 Rc6 33.
Rxd5 Rxc3 34. Ra5 Rb3 35. Rxa7 Kh7 36. Kf5 g6+ 37. Kf4 Rb5 38. a4 Rf5+ 39. Kg4
Rf7 40. Ra5 Kg7 41. Rb5 Rc7 42. a5 Rc4+ 43. Kg3 Rc7 44. Kg4 Kf7 45. Rb4 Kf6 46.
Rb6+ Kf7 47. a6 bxa6 48. Rxa6 Rc4+ 49. Kg3 Re4 50. h5 {Game drawn by mutual
agreement} 1/2-1/2

[Event "Team 45 45 League T60"]
[Site "Internet Chess Club"]
[Date "2014.03.14"]
[Round "3"]
[White "wildkingdumb"]
[Black "ghostfire"]
[Result "0-1"]
[WhiteElo "1755"]
[BlackElo "1703"]
[Opening "Ruy Lopez: closed, Keres (...Nd7) defense"]
[ECO "C96"]
[Time "20:00:20"]
[TimeControl "2700+45"]

1. e4 e5 2. Nf3 Nc6 3. Bb5 a6 4. Ba4 Nf6 5. O-O Be7 6. Re1 b5 7. Bb3 d6 8. c3
O-O 9. h3 Na5 10. Bc2 c5 11. d4 Nd7 12. Nbd2 exd4 13. cxd4 Nc6 14. Nb3 c4 15.
Nbd2 Bf6 16. Nf1 Bb7 17. Be3 Re8 18. Ng3 Rc8 19. Rc1 Qa5 20. Bb1 Ne7 21. Qc2 Ng6
22. Bd2 Qb6 23. Nf5 Bd8 24. a4 b4 25. a5 b3 26. Qc3 Qc7 27. d5 Bf6 28. Qb4 Bxb2
29. Nxd6 Bxc1 30. Nxe8 Bxd2 31. Nxd2 Rxe8 32. Nxc4 Bxd5 33. exd5 Rxe1+ 34. Qxe1
Qxc4 35. Qd1 Nf4 36. g3 Ne2+ 37. Kg2 b2 38. Qd2 Qc1 39. Qd3 g6 40. f4 Qg1+
{White resigns} 0-1

[Event "Team 45 45 League T60"]
[Site "Internet Chess Club"]
[Date "2014.03.16"]
[Round "3"]
[White "mugurelt"]
[Black "nidusin2"]
[Result "0-1"]
[WhiteElo "1699"]
[BlackElo "1676"]
[Opening "Nimzo-Indian: Spielmann variation"]
[ECO "E22"]
[Time "02:12:39"]
[TimeControl "2700+45"]

1. c4 Nf6 2. Nc3 e6 3. d4 Bb4 4. Qb3 c5 5. Bg5 Nc6 6. dxc5 Nd4 7. Qd1 Nc6 8. a3
Bxc5 9. e3 Be7 10. Nf3 d6 11. Be2 O-O 12. O-O b6 13. Bh4 Bb7 14. Bg3 Nh5 15. Nd4
Nxg3 16. hxg3 Rc8 17. Bf3 Ba8 18. b3 Bf6 19. Rc1 a6 20. Qd2 Nxd4 21. exd4 Bg5
22. Qe2 Bxc1 23. Rxc1 Qg5 24. Qe1 d5 25. Na4 Qd8 26. c5 bxc5 27. Nxc5 Qd6 28.
Be2 Rfe8 29. b4 e5 30. Bg4 Rc7 31. f4 e4 32. Qe3 Bb7 33. Kf2 Bc8 34. Be2 Qg6 35.
Rh1 Bg4 36. Bxg4 Qxg4 37. Rc1 Rc6 38. Rh1 Rec8 39. Rc1 h5 40. Rh1 Rh6 41. Rh4
Qd1 42. f5 Rcc6 43. g4 hxg4 44. Rxh6 Rxh6 45. Nd7 Rh1 46. Ne5 Qg1+ 47. Ke2 Qxg2+
48. Qf2 Qxf2+ 49. Kxf2 Ra1 50. Nxg4 Rxa3 51. Ne3 Rxe3 52. Kxe3 f6 53. Kf4 Kf7
54. Ke3 g6 55. fxg6+ Kxg6 56. Kf4 f5 {White resigns} 0-1

[Event "Team 45 45 League T60"]
[Site "Internet Chess Club"]
[Date "2014.03.13"]
[Round "3"]
[White "noblitz-oblige"]
[Black "Ajolote"]
[Result "1-0"]
[WhiteElo "1635"]
[BlackElo "1556"]
[Opening "Sicilian: Canal-Sokolsky attack, Sokolsky variation"]
[ECO "B52"]
[Time "21:00:24"]
[TimeControl "2700+45"]

1. e4 c5 2. Nf3 d6 3. Bb5+ Bd7 4. Bxd7+ Qxd7 5. c4 g6 6. Nc3 Bg7 7. d4 cxd4 8.
Nxd4 Nf6 9. O-O O-O 10. h3 Nc6 11. Nxc6 Qxc6 12. Qe2 Rac8 13. b3 Nxe4 14. Nd5
Rce8 15. Qxe4 Bxa1 16. Re1 Kh8 17. Bh6 Bg7 18. Qh4 Bxh6 19. Qxh6 Qd7 20. Rxe7
Qf5 21. g4 Qf3 22. Re3 Qd1+ 23. Kg2 Qd4 24. g5 Qg7 25. Qxg7+ Kxg7 26. Rd3 Re5
27. h4 Rfe8 28. Ne3 R5e6 29. Kf3 f5 30. Nd5 Rc8 31. Nf4 Re5 32. Rxd6 Kf7 33. Nd5
Ke8 34. Nf6+ Kf8 35. Nxh7+ Kg8 36. Nf6+ Kf7 37. Nd5 Ke8 38. Rxg6 Kf7 39. Rf6+
Kg7 40. h5 Rce8 41. Rg6+ Kf7 42. Rh6 Kg7 43. Nf6 Rd8 44. Rh7+ Kf8 45. Nd7+ Kg8
46. g6 Re6 47. Rf7 b6 48. Nf6+ Rxf6 49. Rxf6 Rd3+ 50. Ke2 Rd7 51. Rxf5 Re7+ 52.
Kf3 Rd7 53. Re5 Kg7 54. Kf4 Rd2 55. Re7+ Kf8 56. Rf7+ Kg8 57. Kg5 Rxa2 58. h6
Ra5+ 59. Kh4 Re5 60. h7+ Kh8 61. Rf8+ Kg7 62. h8=Q+ Kxg6 63. Qxe5 a5 64. Qg5+
Kh7 65. Rf7+ Kh8 66. Qg7# {Black checkmated} 1-0

[Event "Team 45 45 League T60"]
[Site "Internet Chess Club"]
[Date "2014.03.14"]
[Round "3"]
[White "calily"]
[Black "TimeCo"]
[Result "1-0"]
[WhiteElo "1710"]
[BlackElo "1405"]
[Opening "Réti opening"]
[ECO "A04"]
[Time "12:04:23"]
[TimeControl "2700+45"]

1. Nf3 d6 2. d4 g6 3. c4 Bg7 4. Nc3 Nd7 5. Qc2 c5 6. e3 b6 7. g3 Bb7 8. Bg2 Ngf6
9. O-O O-O 10. b3 a6 11. Bb2 Qc7 12. d5 e5 13. dxe6 fxe6 14. Rad1 Nh5 15. Ng5
Bxg2 16. Kxg2 Rae8 17. Kg1 Ne5 18. Nce4 Qe7 19. Bxe5 Bxe5 20. f4 Bg7 21. Rxd6
Qb7 22. Rfd1 Nf6 23. Nxf6+ Rxf6 24. Rd7 Qf3 25. Nxf3 {Black resigns} 1-0

[Event "Team 45 45 League T60"]
[Site "Internet Chess Club"]
[Date "2014.03.17"]
[Round "3"]
[White "chessjav"]
[Black "wildkingdumb"]
[Result "0-1"]
[WhiteElo "1895"]
[BlackElo "1781"]
[Opening "Neo-Grünfeld defense"]
[ECO "D70"]
[Time "19:11:21"]
[TimeControl "2700+45"]

1. d4 Nf6 2. c4 g6 3. f3 d5 4. cxd5 Nxd5 5. e4 Nb6 6. Nc3 Bg7 7. Be3 O-O 8. Qd2
Nc6 9. O-O-O Na5 10. b3 Nc6 11. d5 Ne5 12. h4 h5 13. Nge2 a6 14. Nd4 Qd6 15. Kb1
Qb4 16. Nc2 Qd6 17. Bd4 c5 18. dxc6 Nxc6 19. Bxg7 Qxd2 20. Rxd2 Kxg7 21. Ne3 Be6
22. Be2 Rad8 23. Rhd1 Rxd2 24. Rxd2 Rd8 25. Rxd8 Nxd8 26. Ncd5 Nxd5 27. exd5 Bd7
28. a4 Kf6 29. f4 Bf5+ 30. Kb2 Be4 31. Kc3 e5 32. g3 Bf5 33. Kb4 exf4 34. gxf4
Bd7 35. Kc5 Ke7 36. Kb6 Kd6 37. Bf3 Bh3 38. Nc4+ Kd7 39. Na5 Bg4 40. Bg2 Bd1 41.
Bf1 Bf3 42. Bc4 f6 43. Nxb7 Nxb7 44. Kxb7 g5 45. fxg5 fxg5 46. hxg5 h4 47. g6 h3
48. g7 h2 49. g8=Q h1=Q 50. Qf7+ Kd8 51. Kc6 Qh6+ 52. Qe6 Qxe6+ 53. Kc5 Qc8+ 54.
Kd4 Kc7 55. b4 Kd6 56. b5 Qg4+ 57. Kc3 axb5 58. axb5 Kc5 59. Bb3 Qb4+ 60. Kc2
Bxd5 61. Bxd5 Kxd5 62. b6 Kd4 63. b7 Qxb7 64. Kc1 Qg2 65. Kb1 Kc3 66. Ka1 Qb2#
{White checkmated} 0-1

[Event "Team 45 45 League T60"]
[Site "Internet Chess Club"]
[Date "2014.03.17"]
[Round "3"]
[White "calsal"]
[Black "timothysmall56"]
[Result "1-0"]
[WhiteElo "1754"]
[BlackElo "1779"]
[Opening "Caro-Kann: Tartakower (fantasy) variation"]
[ECO "B12"]
[Time "22:03:30"]
[TimeControl "2700+45"]

1. e4 c6 2. d4 d5 3. f3 dxe4 4. fxe4 e6 5. Nf3 Nf6 6. Bd3 Be7 7. h3 Qc7 8. O-O
Nbd7 9. e5 Nd5 10. Bg5 Bxg5 11. Nxg5 O-O 12. Bxh7+ {Black resigns} 1-0

[Event "Team 45 45 League T60"]
[Site "Internet Chess Club"]
[Date "2014.03.16"]
[Round "3"]
[White "stantheman59"]
[Black "kutch"]
[Result "0-1"]
[WhiteElo "1251"]
[BlackElo "1470"]
[Opening "Pirc: classical system, 5.Be2"]
[ECO "B07"]
[Time "10:04:09"]
[TimeControl "2700+45"]

1. d4 Nf6 2. Nc3 g6 3. e4 d6 4. Be2 Bg7 5. Nf3 O-O 6. Bg5 c5 7. dxc5 dxc5 8.
Qxd8 Rxd8 9. Nb5 Nc6 10. O-O Nxe4 11. c3 Bg4 12. Be3 b6 13. h3 Be6 14. Nc7 Rac8
15. Nxe6 fxe6 16. Bc4 Kf7 17. Rad1 Rxd1 18. Rxd1 Rd8 19. Rxd8 Nxd8 20. Bd3 Nd6
21. Bf4 Bf6 22. g4 Nc6 23. g5 e5 24. gxf6 exf4 25. fxe7 Kxe7 26. a4 Kf6 27. b3
Ne5 28. Nxe5 Kxe5 29. Kg2 Ne4 30. Bxe4 Kxe4 31. h4 h6 32. Kf1 f3 33. Ke1 Kd3 34.
c4 Kc3 35. Kd1 Kxb3 36. Kd2 Kxc4 37. Ke3 a6 38. Kxf3 b5 39. Kf4 b4 40. h5 gxh5
41. Kf5 b3 42. Kf6 b2 43. f4 b1=Q 44. f5 Qb6+ 45. Ke5 Qc7+ {White resigns} 0-1

[Event "Team 45 45 League T60"]
[Site "Internet Chess Club"]
[Date "2014.03.15"]
[Round "3"]
[White "IndianPawn"]
[Black "TheRailgun"]
[Result "0-1"]
[WhiteElo "1910"]
[BlackElo "1887"]
[Opening "Queen's pawn game"]
[ECO "A45"]
[Time "12:13:51"]
[TimeControl "2700+45"]

1. d4 Nf6 2. g3 g6 3. Bg2 Bg7 4. e4 d6 5. Ne2 O-O 6. O-O Nbd7 7. Nbc3 c5 8. Be3
Ng4 9. Bf4 cxd4 10. Nxd4 Bxd4 11. Qxg4 Bxc3 12. bxc3 Ne5 13. Qh4 Qc7 14. Rfd1
Bg4 15. Rd2 Bf3 16. Bxe5 dxe5 17. Bxf3 Qxc3 18. Rad1 Qxf3 19. Rd3 Qe2 20. R1d2
Qe1+ 21. Kg2 Rac8 22. Rd7 Rc4 23. f3 Rd4 24. R2xd4 exd4 25. Qxe7 Qe2+ 26. Kg1
Qxf3 27. e5 Qd1+ 28. Kg2 Qxc2+ 29. Kg1 Qd1+ 30. Kg2 Qe2+ 31. Kg1 d3 32. Rd8 Rxd8
33. Qxd8+ Kg7 34. Qf6+ Kh6 35. Qf4+ Kg7 36. Qf6+ Kh6 37. Qf4+ g5 38. Qf6+ Kh5
39. Qxf7+ Kg4 40. Qe6+ Kf3 41. Qf5+ Ke3 42. Qxg5+ Kd4 43. Qd8+ Kc3 44. Qa5+ Kc2
45. Qa4+ Kc1 46. Qc4+ Qc2 47. Qf4+ d2 48. e6 Kb1 49. Qb4+ Ka1 50. Qd4+ Qb2
{White resigns} 0-1

[Event "Team 45 45 League T60"]
[Site "Internet Chess Club"]
[Date "2014.03.16"]
[Round "3"]
[White "calmon59"]
[Black "gerailen0075"]
[Result "0-1"]
[WhiteElo "1876"]
[BlackElo "1913"]
[Opening "French: advance, Milner-Barry gambit"]
[ECO "B40"]
[Time "09:36:48"]
[TimeControl "2700+45"]

1. e4 c5 2. Nf3 e6 3. c3 d5 4. e5 Nc6 5. d4 Qb6 6. Bd3 cxd4 7. cxd4 Bd7 8. O-O
Nxd4 9. Nbd2 Bc5 10. b4 Qxb4 11. Rb1 Qa4 12. Qxa4 Nxf3+ 13. Nxf3 Bxa4 14. Rxb7
Ne7 15. Be3 Bc6 16. Rb3 Bxe3 17. fxe3 O-O 18. g4 a6 19. Rf2 h6 20. g5 Rfc8 21.
gxh6 gxh6 22. h3 Bb5 23. Bxb5 axb5 24. Rxb5 Ra3 25. Rb7 Ng6 26. Re2 Rc4 27. Kf2
Re4 28. Rb3 Raa4 29. a3 Nxe5 30. Nxe5 Rxe5 31. Rc2 Kg7 32. Rc7 Rf5+ 33. Kg3 Rg5+
34. Kh2 Kf6 35. Rcc3 Rc4 36. Rxc4 dxc4 37. Rc3 Rc5 38. Kg3 Ke5 39. Kf3 Kd5 40.
h4 f5 41. Kf4 Rb5 42. Rc2 Rb3 43. a4 c3 44. e4+ fxe4 45. Ke3 Kc4 46. Ra2 Rb2 47.
Ra3 Kb4 48. Ra1 c2 49. Rc1 Kc3 {White resigns} 0-1

[Event "Team 45 45 League T60"]
[Site "Internet Chess Club"]
[Date "2014.03.15"]
[Round "3"]
[White "PaulaR"]
[Black "SugarIslander"]
[Result "1/2-1/2"]
[WhiteElo "1734"]
[BlackElo "1670"]
[Opening "Giuoco Pianissimo: Italian four knights variation"]
[ECO "C47"]
[Time "14:00:21"]
[TimeControl "2700+45"]

1. e4 e5 2. Nf3 Nf6 3. Nc3 Nc6 4. Bc4 Bc5 5. d3 O-O 6. Bg5 h6 7. Bh4 Be7 8. O-O
d6 9. Qd2 Nxe4 10. dxe4 Bxh4 11. Nxh4 Qxh4 12. Rae1 Be6 13. Nd5 Qd8 14. Re3 Ne7
15. Rg3 Ng6 16. Rd1 Kh7 17. Rc3 Rc8 18. Bb3 Ne7 19. Rg3 Nxd5 20. Bxd5 Bxd5 21.
Qxd5 b6 22. b4 Qe8 23. Ra3 Ra8 24. Rc3 Rc8 25. Qb7 Qa4 26. Rxc7 Rxc7 27. Qxc7
{Game drawn by mutual agreement} 1/2-1/2

[Event "Team 45 45 League T60"]
[Site "Internet Chess Club"]
[Date "2014.03.14"]
[Round "3"]
[White "lacibacsi"]
[Black "TerryMalloy"]
[Result "1/2-1/2"]
[WhiteElo "2002"]
[BlackElo "1928"]
[Opening "Four knights: Scotch, 4...exd4"]
[ECO "C47"]
[Time "18:00:44"]
[TimeControl "2700+45"]

1. e4 e5 2. Nf3 Nf6 3. Nc3 Nc6 4. d4 exd4 5. Nxd4 Bb4 6. Nxc6 bxc6 7. Bd3 O-O 8.
O-O d5 9. exd5 cxd5 10. Bg5 c6 11. Qf3 Bd6 12. Rfe1 Rb8 13. Rab1 Rb4 14. Bxf6
Qxf6 15. Qxf6 gxf6 16. h3 Bd7 17. a3 Rbb8 18. b4 Rfe8 19. Kf1 Re5 20. Re2 Kg7
21. Rd1 Rbe8 22. Na4 h6 23. c4 d4 24. c5 Bc7 25. Nb2 Be6 26. Nc4 Rxe2 27. Bxe2
Rd8 28. Nb2 Bb3 29. Rd3 Bc2 30. Rd2 Be4 31. g3 f5 32. f4 Kf6 33. Bc4 h5 34. h4
Ke7 35. Be2 Ke6 36. Bxh5 Rg8 37. Rxd4 Rxg3 38. Bxf7+ Ke7 39. Bc4 Bxf4 40. Nd3
Bc7 41. h5 Rg5 42. h6 Rh5 43. Nf2 Be5 44. Rd2 Rxh6 45. Re2 Rh4 46. Nxe4 Rxe4 47.
Rxe4 fxe4 48. a4 Bd4 {Game drawn by mutual agreement} 1/2-1/2